Map: Dusk Towers

Players

Nemesis

  • Race: Zerg Zerg
  • League: Master

Chris (MCanning) - Winner!

  • Race: Protoss Protoss
  • League: Master

VOD

Have the link to the VOD?

Description

Time

  • Played on: Nov. 14, 2015, 12:51 a.m.
  • Length: 11:34
Show
View Real Time Build Order
Export as new Build Order

Nemesis Zerg 

Build Orders: 3 Hatch before Pool 

Get SALT Encoding   

  12  0:00  Drone  
  13  0:08  Drone  
  14  0:17  Overlord  
  14  0:24  Extractor  
  14  0:25  Drone  
  15  0:36  Drone x2  
  17  0:53  Hatchery  
  17  0:56  Drone  
  17  0:59  Drone  
  18  1:08  Drone  
  19  1:23  Hatchery  
  18  1:28  Drone  
  18  1:30  Drone  
  20  1:42  Spawning Pool  
  20  1:46  Drone  
  20  1:49  Drone  
  21  1:59  Drone  
  22  2:05  Overlord  
  22  2:10  Drone  
  23  2:16  Drone  
  23  2:21  Drone  
  25  2:26  Extractor  
  25  2:27  Drone, Extractor  
  25  2:28  Queen x2  
  28  2:35  Queen  
  30  2:37  Zergling x2  
  30  2:42  Drone  
  30  2:43  Drone  
  33  2:46  Overlord  
  33  2:52  Drone x2  
  33  2:55  Drone  
  33  2:57  Drone  
  37  3:00  Drone  
  37  3:03  Drone  
  39  3:09  Drone x2  
  41  3:14  Lair  
  41  3:18  Drone  
  41  3:19  Drone  
  43  3:22  Drone  
  44  3:27  Evolution Chamber  
  44  3:28  Drone  
  43  3:36  Drone x2  
  43  3:37  Drone x3  
  43  3:39  Metabolic Boost  
  48  3:45  Roach Warren  
  47  3:50  Drone x3  
  47  3:54  Zerg Missile Weapons Level 1  
  50  3:59  Overlord  
  50  4:04  Overlord  
  50  4:05  Extractor  
  50  4:09  Overlord, Extractor  
  48  4:15  Drone x2  
  50  4:22  Overseer  
  50  4:27  Drone x2  
  50  4:28  Glial Reconstitution  
  50  4:29  Roach x2  
  50  4:30  Queen  
  58  4:34  Hatchery  
  58  4:35  Roach  
  59  4:40  Drone  
  59  4:43  Roach x2  
  64  4:50  Roach x3  
  70  4:57  Roach x2  
  74  5:03  Overlord  
  74  5:05  Overlord  
  74  5:11  Overlord  
  74  5:18  Overlord  
  74  5:22  Roach x4  
  82  5:34  Overlord  
  82  5:35  Roach x4  
  90  5:36  Zergling x4  
  90  5:37  Zergling x8  
  96  5:44  Ravager x5  
  101  5:54  Ravager  
  102  5:57  Ravager  
  102  5:58  Zergling x22  
  114  6:18  Roach x4  
  120  6:20  Overlord x3  
  120  6:22  Overlord x2  
  118  6:39  Ravager  
  121  6:40  Ravager x3, Zergling x2  
  121  6:41  Zergling x18  
  128  6:50  Roach x4  
  128  6:54  Ravager  
  136  6:56  Zergling x2  
  136  6:57  Zergling x6  
  132  7:19  Roach x4  
  132  7:20  Roach x6  
  150  7:26  Overlord  
  141  7:32  Roach x2  
  141  7:33  Roach x3, Zergling x4  
  119  7:39  Ravager  
  119  7:40  Ravager  
  119  7:41  Zergling x8  
  125  7:56  Ravager  
  125  7:57  Ravager, Zergling x2  
  125  7:58  Zergling x8  
  131  8:00  Roach x3  
  131  8:05  Extractor  
  136  8:06  Ravager  
  131  8:24  Ravager  
  131  8:26  Ravager  
  131  8:27  Ravager  
  134  8:33  Zergling x26  
  120  8:47  Roach x9  
  123  8:50  Ravager  
  124  9:04  Roach x3  
  130  9:10  Ravager  
  130  9:13  Ravager x2  
  130  9:14  Roach  
  135  9:21  Ravager  
  136  9:32  Ravager x2  
  136  9:33  Zergling x22  
  136  9:35  Hatchery  
  148  9:40  Extractor  
  148  9:41  Ravager  
  146  10:06  Roach x2  
  146  10:07  Roach x3  
  117  10:33  Ravager x2  
  119  10:42  Roach x8  
  126  10:45  Ravager  
  126  10:46  Ravager  
  126  10:47  Ravager x6  
  126  10:48  Zergling x8  
  126  10:49  Zergling x24  
  150  10:51  Drone  
  149  11:03  Ravager x3  
  135  11:12  Roach x5  
  149  11:21  Ravager  
Show
View Real Time Build Order
Export as new Build Order

Chris Protoss - Winner!

Build Orders: Nexus First 

Get SALT Encoding   

  12  0:01  Probe (Chrono Boost)  
  13  0:12  Probe (Chrono Boost)  
  14  0:21  Pylon  
  14  0:23  Probe (Chrono Boost)  
  15  0:39  Probe (Chrono Boost)  
  16  0:49  Probe (Chrono Boost)  
  17  0:59  Nexus  
  18  1:10  Gateway  
  17  1:12  Probe (Chrono Boost)  
  18  1:23  Probe (Chrono Boost)  
  19  1:30  Assimilator  
  19  1:33  Probe (Chrono Boost)  
  19  1:36  Assimilator  
  20  1:42  Pylon  
  20  1:44  Probe (Chrono Boost)  
  21  1:54  Probe (Chrono Boost)  
  22  2:05  Probe (Chrono Boost)  
  25  2:10  Cybernetics Core  
  25  2:13  Probe (Chrono Boost)  
  25  2:15  Probe (Chrono Boost)  
  25  2:24  Probe (Chrono Boost)  
  25  2:26  Probe (Chrono Boost)  
  27  2:34  Probe (Chrono Boost)  
  27  2:37  Probe (Chrono Boost)  
  29  2:45  Probe (Chrono Boost)  
  29  2:47  Probe (Chrono Boost)  
  29  2:49  Nexus  
  31  2:57  Adept  
  31  2:58  Mothership Core (Chrono Boost)  
  35  3:00  Warp Gate  
  35  3:02  Probe (Chrono Boost)  
  37  3:13  Probe (Chrono Boost)  
  37  3:16  Probe (Chrono Boost)  
  38  3:22  Probe (Chrono Boost)  
  38  3:23  Gateway  
  38  3:24  Gateway  
  38  3:26  Stalker (Chrono Boost)  
  41  3:31  Probe  
  41  3:34  Probe  
  43  3:44  Probe  
  43  3:45  Probe  
  45  3:54  Pylon, Robotics Facility  
  45  3:56  Probe (Chrono Boost), Forge  
  45  4:01  Sentry, Probe (Chrono Boost)  
  49  4:04  Probe (Chrono Boost), Pylon  
  49  4:07  Probe (Chrono Boost)  
  51  4:11  Probe (Chrono Boost)  
  51  4:16  Probe (Chrono Boost), Pylon  
  53  4:22  Probe (Chrono Boost)  
  54  4:25  Probe (Chrono Boost)  
  54  4:26  Probe (Chrono Boost), Assimilator  
  54  4:30  Assimilator  
  56  4:32  Probe (Chrono Boost)  
  56  4:35  Probe (Chrono Boost)  
  56  4:36  Probe (Chrono Boost), Protoss Ground Weapons Level 1  
  59  4:41  Observer (Chrono Boost)  
  59  4:43  Probe  
  59  4:44  Probe  
  61  4:46  Probe  
  61  4:48  Robotics Bay  
  61  4:52  Pylon  
  63  4:54  Probe  
  63  4:55  Probe  
  63  4:56  Probe  
  66  5:00  Observer (Chrono Boost)  
  66  5:05  Stalker x3, Probe  
  74  5:07  Probe x2  
  76  5:15  Probe  
  76  5:16  Pylon  
  76  5:17  Probe  
  76  5:19  Probe  
  79  5:22  Twilight Council  
  79  5:24  Assimilator  
  79  5:26  Probe, Pylon  
  79  5:28  Probe  
  80  5:30  Assimilator  
  80  5:33  Gateway  
  80  5:34  Gateway  
  81  5:36  Disruptor (Chrono Boost)  
  84  5:43  Probe  
  84  5:47  Photon Cannon  
  84  5:48  Gateway  
  85  5:51  Gateway  
  85  5:52  Stalker x2  
  85  5:53  Stalker  
  91  6:07  Disruptor (Chrono Boost)  
  94  6:12  Gateway  
  94  6:14  Gateway  
  94  6:18  Stalker  
  94  6:19  Stalker, Adept  
  94  6:21  Probe  
  94  6:22  Pylon  
  94  6:24  Pylon  
  94  6:25  Probe  
  102  6:38  Disruptor (Chrono Boost), Pylon  
  102  6:39  Photon Cannon  
  105  6:40  Adept, Photon Cannon  
  105  6:41  Adept x2  
  105  6:42  Photon Cannon  
  111  6:52  Mothership Core  
  111  6:53  Protoss Ground Weapons Level 2 (Chrono Boost)  
  111  7:00  Pylon  
  111  7:02  Pylon  
  111  7:04  Probe  
  111  7:07  Adept x4  
  120  7:09  Disruptor (Chrono Boost)  
  121  7:19  Probe  
  117  7:24  Adept x2  
  117  7:25  Adept  
  121  7:34  Probe  
  121  7:35  Probe  
  118  7:38  Disruptor (Chrono Boost)  
  118  7:40  Pylon  
  118  7:41  Stalker x2  
  118  7:42  Stalker x2  
  129  7:44  Pylon  
  129  7:46  Pylon, Blink (Chrono Boost)  
  129  7:51  Probe  
  130  7:52  Pylon  
  130  7:56  Stalker x4  
  138  7:59  Probe  
  139  8:15  Stalker x4  
  146  8:20  Stalker x3  
  146  8:21  Disruptor (Chrono Boost)  
  152  8:31  Adept x2  
  152  8:33  Pylon  
  156  8:36  Probe  
  155  8:43  Adept  
  155  8:44  Adept x2  
  150  8:51  Probe  
  151  8:57  Probe  
  151  8:59  Probe, Disruptor  
  155  9:04  Stalker x2  
  155  9:05  Stalker x5  
  155  9:07  Probe  
  170  9:12  Pylon  
  170  9:13  Pylon  
  171  9:24  Probe  
  171  9:27  Resonating Glaives  
  171  9:33  Stalker x3  
  171  9:34  Stalker x2, Disruptor (Chrono Boost)  
  184  9:40  Pylon  
  184  9:46  Stalker x2  
  184  9:47  Stalker x2  
  193  9:52  Probe  
  193  9:55  Probe  
  193  9:57  Probe  
  193  10:04  Probe  
  193  10:06  Stalker x4  
  190  10:10  Disruptor (Chrono Boost)  
  190  10:12  Probe  
  194  10:18  Nexus  
  187  10:24  Probe  
  177  10:32  Stalker x3  
  181  10:42  Disruptor (Chrono Boost)  
  184  10:44  Pylon  
  184  10:45  Pylon  
  184  10:46  Nexus  
  184  10:51  Adept x3  
  184  10:52  Adept x2  
  194  10:57  Probe  
  195  11:05  Probe  
  195  11:06  Probe  
  195  11:12  Probe  
  199  11:23  Pylon  
  199  11:25  Pylon  
Tags
 
Add a new tag
Caveats
  • Supply blocks, unpowered buildings, or Contaminate may cause inaccurate times.
  • Supply counts are checked every 10 seconds.